[Event "Early-Titled-Tuesday-Blitz-April-02-2024"]
[Site "Chess.com"]
[Date "2024.04.02"]
[Round "5"]
[White "savitha1030"]
[Black "Mikasinski"]
[Result "1-0"]
[WhiteElo "2514"]
[BlackElo "2627"]
[TimeControl "180+1"]
[EndTime "8:56:02 PDT"]
[Termination "savitha1030 won by resignation"]

1. Nf3 Nf6 2. g3 g6 3. Bg2 Bg7 4. Nc3 O-O 5. b3 d6 6. Bb2 e5 7.
O-O Re8 8. e4 Nbd7 9. Re1 c6 10.
a4 a5 11. d4 Qc7 12. dxe5 dxe5 13. Qe2 b6 14. Rad1 Ba6 15. Qd2 Rad8 16. Qd6 Qc8 17. Qa3 Bf8 18. Qa1 Bb4 19. Ba3 Nc5 20. Rxd8 Qxd8 21.
Bxb4 axb4 22. Na2 Ncxe4 23. Nxb4 Bb7 24. Nxe5 Qd2 25. Bxe4 Qxb4 26. Nd3 Qd6 27. Bf3 Rd8 28. Qe5 Kf8 29. Qe3 Kg7 30. Qxb6 Ba8 31. a5 Rb8 32. Qe3 Re8 33. Qd2 Rb8 34. a6 c5 35. a7 Rc8 36.
Bxa8 Rxa8 37. Ra1 c4 38. bxc4 Qd4 39. Qa5 Ne4 40. Qe5+ Qxe5 41. Nxe5 Nc5 42. Nc6 Kf6 43. Rb1 Nd7 44. Rb7 Ke6 45. c5 h5 46. Nd4+ 1-0

[Event "Early-Titled-Tuesday-Blitz-April-02-2024"]
[Site "Chess.com"]
[Date "2024.04.02"]
[Round "5"]
[White "Bilan_Danila"]
[Black "ploxoi"]
[Result "0-1"]
[WhiteElo "2587"]
[BlackElo "2451"]
[TimeControl "180+1"]
[EndTime "8:56:03 PDT"]
[Termination "ploxoi won by resignation"]

1. d4 e6 2. Nf3 d5 3. c4 c6 4. e3 Nf6 5. Nc3 Nbd7 6. Qc2 Be7 7. Bd3 dxc4 8. Bxc4 b5 9. Bd3 Bb7 10. e4 Rc8 11. e5 Nd5 12. Nxd5 cxd5 13. Qe2 Bc6 14.
Bd2 Qb6 15. Rc1 a6 16. h4 Bb7 17. Rxc8+ Bxc8 18. h5 h6 19. O-O Nb8 20. Rc1 Bd7 21. Be3 Nc6 22. Bb1 Na5 23. g4 Nc4 24. Bf4 a5 25. b3 Na3 26. Bd3 b4 27. Kg2 Nb5 28. Bxb5 Bxb5 29. Qc2 Kd7 30. Ne1 Qb7 31. Nd3 Rc8 32.
Qxc8+ Qxc8 33. Rxc8 Kxc8 34. Nb2 Kc7 35. Bd2 Kc6 36. f4 Bd8 37. Kg3 Bb6 38. Be3 Be2 39.
Na4 Ba7 40. Nb2 Kb5 41. Na4 Bd3 42. g5 Bb1 43. Nb2 Bxa2 44. gxh6 gxh6 45. f5 Bxb3 46. Bxh6 Bc2 47. fxe6 fxe6 48. Bd2 a4 49. Kf2 a3 0-1

[Event "Early-Titled-Tuesday-Blitz-April-02-2024"]
[Site "Chess.com"]
[Date "2024.04.02"]
[Round "5"]
[White "kai_nov"]
[Black "Djager97"]
[Result "0-1"]
[WhiteElo "2337"]
[BlackElo "2600"]
[TimeControl "180+1"]
[EndTime "8:56:03 PDT"]
[Termination "Djager97 won on time"]

1. e4 e6 2. d4 d5 3. Nc3 Nf6 4.
Bg5 Be7 5. e5 Nfd7 6. h4 h6 7.
Bxe7 Qxe7 8. Nf3 a6 9. Bd3 c5 10. dxc5 Nc6 11. Qe2 Nxc5 12. O-O-O b5 13. Nb1 b4 14.
Nbd2 O-O 15. g4 a5 16. g5 b3 17. Nxb3 Nxb3+ 18. cxb3 a4 19. gxh6 axb3 20. hxg7 Rd8 21. Ng5 bxa2 22. Kd2 Qb4+ 23. Ke3 Qd4+ 24. Kf3 Nxe5+ 25.
Kg2 Qg4+ 26. Qxg4 Nxg4 27. Rdg1 Ba6 28. Bh7+ Kxg7 29. Kf3 Nf6 30. Nxe6+ Kxh7 31. Nxd8 Rxd8 32. Kf4 Bd3 33. Ke5 Ne4 34. f3 Nf2 35. Rh2 Bb1 36.
Rg5 a1=Q 37. Rhg2 Qxb2+ 38. Kf4 Qd4+ 39. Kg3 Rg8 40. Kh2 Qxh4+ 41. Kg1 Nh3+ 42. Kf1 Bd3+ 0-1

[Event "Early-Titled-Tuesday-Blitz-April-02-2024"]
[Site "Chess.com"]
[Date "2024.04.02"]
[Round "5"]
[White "MathiasWomacka"]
[Black "Ariadna_Atreides"]
[Result "0-1"]
[WhiteElo "2470"]
[BlackElo "2205"]
[TimeControl "180+1"]
[EndTime "8:56:03 PDT"]
[Termination "Ariadna_Atreides won on time"]

1. e4 c6 2. d4 d5 3. Nd2 dxe4 4. Nxe4 Nf6 5. Nxf6+ exf6 6. Bc4 Bd6 7. Qe2+ Qe7 8. Qxe7+ Kxe7 9. Ne2 Re8 10. Bf4 Be6 11.
Bd3 h5 12. O-O-O h4 13. c4 Nd7 14. h3 Bxf4+ 15. Nxf4 g5 16. Ne2 Nb6 17. b3 Rad8 18.
Kb2 f5 19. f4 f6 20. Kc3 Rh8 21. a4 a5 22. Bc2 g4 23. Rde1 Kf7 24. Nc1 Rdg8 25.
Nd3 gxh3 26. gxh3 Rg3 27. Kb2 Rhg8 28. Nc5 Bc8 29. Re2 Rg2 30. Rhe1 Rxe2 31. Rxe2 Rg3 32. d5 cxd5 33. cxd5 Nxd5 34. Rd2 Nxf4 35. Rd8 Be6 36. Nxe6 Nxe6 37. Bxf5 Rg2+ 38. Kc3 Nf4 39. Rd7+ Ke8 40. Rxb7 Rg3+ 41. Kc4 Nxh3 42. Ra7 Nf2 43. Rxa5 Rg5 0-1

[Event "Early-Titled-Tuesday-Blitz-April-02-2024"]
[Site "Chess.com"]
[Date "2024.04.02"]
[Round "5"]
[White "Blackwhite017"]
[Black "Tol_Tol"]
[Result "1-0"]
[WhiteElo "2088"]
[BlackElo "2290"]
[TimeControl "180+1"]
[EndTime "8:56:04 PDT"]
[Termination "Blackwhite017 won on time"]

1. e4 c5 2. Nf3 Nc6 3. d4 cxd4 4. Nxd4 Nf6 5. Nc3 e5 6. Ndb5 d6 7. Bg5 a6 8. Na3 b5 9. Nd5 Be7 10. Bxf6 Bxf6 11. c4 Nd4 12. Nc2 Be6 13. Nxd4 Bxd5 14.
cxd5 exd4 15. Bd3 Qa5+ 16. Qd2 Qxd2+ 17. Kxd2 Kd7 18. f4 g5 19. g3 gxf4 20. gxf4 Rhg8 21. Rhg1 Bh4 22. Be2 Bf2 23. Bg4+ Ke7 24. Rg2 Be3+ 25. Kd3 h5 26. Bf3 h4 27. Rg4 Rxg4 28. Bxg4 Bxf4 29. h3 Be3 30. Rf1 a5 31. Rf5 f6 32.
Rh5 Rg8 33. Rxh4 Rg7 34. Rh8 f5 35. exf5 Kf6 36. Re8 Rc7 37. Re6+ Kg5 38. Rxd6 a4 39. Rc6 Rd7 40. d6 b4 41. f6 Rd8 42. d7 a3 43.
bxa3 Ra8 44. axb4 1-0

[Event "Early-Titled-Tuesday-Blitz-April-02-2024"]
[Site "Chess.com"]
[Date "2024.04.02"]
[Round "5"]
[White "VanRommel28"]
[Black "MalyDominator"]
[Result "0-1"]
[WhiteElo "2493"]
[BlackElo "2624"]
[TimeControl "180+1"]
[EndTime "8:56:07 PDT"]
[Termination "MalyDominator won by resignation"]

1. d4 d5 2. Nf3 Nf6 3. Bf4 c5 4. e3 e6 5. Nbd2 Bd6 6. Bg3 O-O 7.
c3 Qc7 8. dxc5 Bxg3 9. hxg3 Qxc5 10. Bd3 Nc6 11. Qe2 e5 12. e4 d4 13. Nb3 Qb6 14.
cxd4 Nxd4 15. Nbxd4 exd4 16. e5 Re8 17. Kf1 g6 18.
Re1 Ng4 19. Qe4 Bf5 20. Qe2 Bxd3 21. Qxd3 Qxb2 22. Re2 Qa1+ 23. Re1 Qc3 24. Qe4 h5 25. Qf4 Qc2 26. Ng5 Qxa2 27. e6 f6 28. Rxh5 gxh5 29. Re2 Qb1+ 30. Re1 Qc2 31. Re2 Qd1+ 32. Re1 Qd3+ 33. Kg1 fxg5 34. Qxg5+ Kh7 35. Qxh5+ Nh6 36.
Rc1 Re7 37. Qg5 Rae8 38. Rc8 Qd1+ 39. Kh2 Qg4 40. Qc5 Nf5 41. Rxe8 Rxe8 42. Qd5 Qh5+ 43. Kg1 Qd1+ 44. Kh2 Qh5+ 45. Kg1 Qg6 46. g4 Qxe6 47. Qxb7+ Qe7 48. Qb1 Qe1+ 49. Qxe1 Rxe1+ 50. Kh2 Nd6 51. f4 d3 52. Kg3 d2 0-1

[Event "Early-Titled-Tuesday-Blitz-April-02-2024"]
[Site "Chess.com"]
[Date "2024.04.02"]
[Round "5"]
[White "eagleclaw07"]
[Black "manitodeplomo"]
[Result "0-1"]
[WhiteElo "2840"]
[BlackElo "2668"]
[TimeControl "180+1"]
[EndTime "8:56:08 PDT"]
[Termination "manitodeplomo won on time"]

1. d4 g6 2. c4 Bg7 3. Nf3 d6 4. g3 Nf6 5. Bg2 O-O 6. O-O c5 7.
d5 e6 8. Nc3 exd5 9. cxd5 a6 10.
a4 Re8 11. Bf4 Nh5 12. Bg5 Qc7 13. Re1 Nd7 14. h3 Rb8 15. g4 Nhf6 16. a5 h5 17.
gxh5 Nxh5 18. e4 b5 19. axb6 Rxb6 20. Qc2 Ne5 21. Nd2 c4 22. Bf1 Nd3 23. Reb1 Bd7 24. Be3 Rbb8 25. Bxd3 cxd3 26. Qxd3 a5 27. Nc4 a4 28. Nxa4 Rb4 29. Nab6 Bb5 30. Rc1 Qe7 31. Qa3 Rxc4 32. Nxc4 Qxe4 33. Nxd6 Qf3 34. Nxb5 Ng3 35. Kh2 Ne2 36. Qd6 Be5+ 37. Qxe5 Rxe5 38. Ra8+ Kh7 39. Rcc8 Rh5 40. Rh8+ Kg7 41. Rag8+ Kf6 42. Rxh5 gxh5 43. d6 Nf4 0-1

[Event "Early-Titled-Tuesday-Blitz-April-02-2024"]
[Site "Chess.com"]
[Date "2024.04.02"]
[Round "5"]
[White "Ordekalog"]
[Black "DeArron_Fox"]
[Result "0-1"]
[WhiteElo "2615"]
[BlackElo "2513"]
[TimeControl "180+1"]
[EndTime "8:56:09 PDT"]
[Termination "DeArron_Fox won on time"]

1. d4 d5 2. c4 e6 3. Nc3 Nf6 4. Bg5 Be7 5. cxd5 exd5 6. e3 c6 7. Bd3 Nbd7 8. Nge2 Nh5 9. Bxe7 Qxe7 10. Qc2 g6 11.
O-O O-O 12. Rae1 Ndf6 13. Ng3 Nxg3 14. fxg3 Ne8 15. e4 dxe4 16. Nxe4 Be6 17. Nc5 Nc7 18.
Bc4 Qd6 19. Rd1 Bxc4 20. Qxc4 Qd5 21. Qb4 b6 22. Nd3 Qxa2 23. Ne5 Qe6 24. Rde1 Nd5 25. Qd2 Qd6 26. Qh6 Rae8 27. Qd2 c5 28. Nc4 Qc7 29.
Rxe8 Rxe8 30. Qf2 cxd4 31. Qxd4 Qc5 32. Qxc5 bxc5 33. Rd1 Nb6 34. Na5 Re2 35. Rd7 Rxb2 36. Nc6 Nc4 37. Rxa7 Ne3 38. Ra8+ Kg7 39. h4 Rxg2+ 40.
Kh1 Rxg3 41. Ne5 Rh3+ 42. Kg1 Rxh4 43. Ra7 Rf4 44. Nc6 Rf5 45. Ne7 Rf6 46. Nc6 Rxc6 0-1

[Event "Early-Titled-Tuesday-Blitz-April-02-2024"]
[Site "Chess.com"]
[Date "2024.04.02"]
[Round "5"]
[White "szachmistrz2500"]
[Black "NelsonLinda"]
[Result "0-1"]
[WhiteElo "2425"]
[BlackElo "2647"]
[TimeControl "180+1"]
[EndTime "8:56:10 PDT"]
[Termination "NelsonLinda won on time"]

1. d4 Nf6 2. c4 g6 3. Nc3 Bg7 4. e4 d6 5. Be2 O-O 6. Bg5 c5 7.
d5 e6 8. Nf3 exd5 9. exd5 Qb6 10. Qd2 Bf5 11. O-O Ne4 12. Nxe4 Bxe4 13. Bh6 Bxf3 14.
Bxg7 Kxg7 15. Bxf3 Nd7 16. Qc3+ Kg8 17. Bg4 Ne5 18.
Be2 Qb4 19. Qc2 Rfe8 20. f4 Nd7 21. a3 Qb6 22. Bd3 Qd8 23. Qc3 Qf6 24. Qxf6 Nxf6 25. Rfe1 Kf8 26. Kf2 Rxe1 27. Rxe1 h5 28. h3 h4 29. Kf3 Re8 30. Rb1 b6 31. b4 Nd7 32.
Bc2 f5 33. Ba4 Re7 34. Bxd7 Rxd7 35. bxc5 dxc5 36. Re1 Kf7 37. a4 Re7 38. Rd1 Re4 39. d6 Ke8 40. d7+ Kd8 41. a5 Rxc4 42. axb6 axb6 43.
Rd6 Rc3+ 44. Kf2 b5 0-1

[Event "Early-Titled-Tuesday-Blitz-April-02-2024"]
[Site "Chess.com"]
[Date "2024.04.02"]
[Round "5"]
[White "IMRosen"]
[Black "Savagelittlemole"]
[Result "0-1"]
[WhiteElo "2672"]
[BlackElo "2529"]
[TimeControl "180+1"]
[EndTime "8:56:10 PDT"]
[Termination "Savagelittlemole won on time"]

1. d4 Nf6 2. Bf4 c5 3. e3 g6 4. c3 Bg7 5. Nd2 O-O 6. dxc5 Nh5 7. Bg5 h6 8. Bh4 d6 9. Ne4 Bf5 10. Nxd6 Qd7 11. Nxf5 Qxf5 12. g4 Qe4 13. Qf3 Qc2 14.
Qe2 Bxc3+ 15. bxc3 Qxc3+ 16. Qd2 Qxa1+ 17. Ke2 Nf6 18. Bg2 Qe5 19. Bxb7 Nbd7 20. Bxa8 Rxa8 21. c6 Qb5+ 22.
Qd3 Qxc6 23. Nf3 Ne5 24. Nxe5 Qxh1 25. Nxg6 Qe4 26. Qxe4 Nxe4 27. Nxe7+ Kf8 28. f3 Nc3+ 29.
Kd3 Nxa2 30. Nd5 a5 31. Kc4 a4 32. Be1 a3 33. Nb4 Nxb4 34. Bxb4+ Kg7 35. Bc3+ Kg6 36. Kb3 a2 37. Ba1 Kg5 38. h3 Kh4 39. f4 Kxh3 40. g5 hxg5 41. fxg5 Kg4 42. g6 fxg6 43. e4 Kf4 44. e5 Kf5 45. Kc4 Ke6 46. Kd3 Rb8 47. Ke4 Rb1 48. Bd4 a1=Q 49. Be3 Qa4+ 50. Kf3 Rb3 0-1

[Event "Early-Titled-Tuesday-Blitz-April-02-2024"]
[Site "Chess.com"]
[Date "2024.04.02"]
[Round "5"]
[White "TheBigBoss04"]
[Black "NastyaHn"]
[Result "1-0"]
[WhiteElo "2742"]
[BlackElo "2458"]
[TimeControl "180+1"]
[EndTime "8:56:11 PDT"]
[Termination "TheBigBoss04 won on time"]

1. Nf3 e6 2. g3 d5 3. Bg2 Nf6 4. d3 Be7 5. Nbd2 O-O 6. O-O c5 7. e4 Nc6 8. Re1 Rb8 9. e5 Nd7 10. Nf1 b5 11. h4 h6 12. Bf4 Re8 13. h5 Nf8 14. N1h2 Nh7 15. Ng4 Nd4 16. c3 Nxf3+ 17. Qxf3 Bg5 18. d4 c4 19. a3 a5 20. Bf1 Bd7 21. Kg2 Bc6 22. Be2 b4 23. axb4 axb4 24.
Ra7 Rf8 25. Rea1 bxc3 26. bxc3 Rb2 27. R1a2 Rxa2 28. Rxa2 Qb6 29. Bd1 Qb1 30. Ra6 Bb7 31.
Ra7 Ra8 32. Bc2 Qxc2 33. Rxb7 Qf5 34. Ne3 Qd3 35. Rc7 Qxc3 36. Nxc4 Qxf3+ 37. Kxf3 dxc4 38. Rxc4 Kf8 39. Rc7 Ke8 40. Ke4 Bxf4 41. gxf4 Nf8 42. f3 Ra1 43. Rc8+ Ke7 44. Rc7+ Nd7 45. f5 exf5+ 46. Kxf5 Rd1 47. Ke4 Ke6 48. d5+ Rxd5 49. Rc6+ Ke7 50. Kxd5 1-0

[Event "Early-Titled-Tuesday-Blitz-April-02-2024"]
[Site "Chess.com"]
[Date "2024.04.02"]
[Round "5"]
[White "cakeuvdort"]
[Black "valik3504"]
[Result "1-0"]
[WhiteElo "2352"]
[BlackElo "2546"]
[TimeControl "180+1"]
[EndTime "8:56:12 PDT"]
[Termination "cakeuvdort won by checkmate"]

1. Nf3 c5 2. e3 Nf6 3. b3 d5 4. Bb2 e6 5. c4 Be7 6. Be2 O-O 7. O-O b6 8. cxd5 exd5 9. d4 Bb7 10.
Nbd2 Nbd7 11. Rc1 Rc8 12. dxc5 bxc5 13. Bd3 Re8 14. Qe2 Qb6 15. Ne5 Nxe5 16. Bxe5 Nd7 17.
Bb2 g6 18. Nf3 d4 19. exd4 Bg5 20. Qd1 Bxc1 21. Qxc1 Bxf3 22. gxf3 cxd4 23. Qf4 Ne5 24. Be4 Rcd8 25. Rd1 f5 26. Bb1 Qf6 27. Kg2 Nc6 28.
Bd3 Qe5 29. Bc4+ Kg7 30. Qh4 Rd7 31. Bc1 Red8 32. Bg5 Re8 33. Qh6+ Kh8 34. Bf4 Qg7 35.
Qh4 Nb4 36. Bb5 Nd5 37. Bxd7 Qxd7 38. Bg5 Nc3 39. Rxd4 Qe6 40. Bf6+ Kg8 41. Rd3 Ne2 42. Re3 Qc6 43. Qh6 Qd7 44. Rxe8+ Qxe8 45. Qg7# 1-0

[Event "Early-Titled-Tuesday-Blitz-April-02-2024"]
[Site "Chess.com"]
[Date "2024.04.02"]
[Round "5"]
[White "NowInChess"]
[Black "olakenn"]
[Result "1-0"]
[WhiteElo "2250"]
[BlackElo "1994"]
[TimeControl "180+1"]
[EndTime "8:56:14 PDT"]
[Termination "NowInChess won by resignation"]

1. e4 c6 2. d4 d5 3. exd5 cxd5 4. c4 Nf6 5. Nc3 Nc6 6. Bf4 e6 7. c5 Be7 8. Nf3 O-O 9. Bb5 Bd7 10. O-O Nh5 11.
Be3 Nf6 12. Bxc6 Bxc6 13. Ne5 Nd7 14. f4 f5 15. b4 Nxe5 16. dxe5 Be8 17. a4 b6 18. Nb5 bxc5 19. Bxc5 a6 20. Nd4 Bxc5 21. bxc5 Bf7 22. Qc2 Qc7 23. Rfc1 Rfb8 24. Rab1 Rxb1 25. Rxb1 Rb8 26. Rxb8+ Qxb8 27. Qb3 Qxb3 28. Nxb3 Kf8 29. Kf2 Ke8 30. Ke3 Kd7 31. Nd4 Kc7 32. Kd3 a5 33. Nb5+ Kc6 34. Nd6 Bg8 35. Kd4 h6 36. h4 g6 37. Nb5 Bf7 38. Nc3 Be8 39. Na2 Bd7 40. Nc1 Bc8 41. Nb3 Bd7 42. Nxa5+ Kc7 43. Nb3 Bxa4 44.
Nd2 Bb5 45. Kc3 Kc6 46. Kb4 Be2 47. g3 Bd3 48. Nf3 Be2 49. Nd4+ Kc7 50. Nxe2 Kc6 51. Nd4+ Kc7 52. Kb5 Kb7 53. Nxe6 1-0

[Event "Early-Titled-Tuesday-Blitz-April-02-2024"]
[Site "Chess.com"]
[Date "2024.04.02"]
[Round "5"]
[White "SteinerPro12"]
[Black "agvania123"]
[Result "0-1"]
[WhiteElo "2212"]
[BlackElo "2417"]
[TimeControl "180+1"]
[EndTime "8:56:16 PDT"]
[Termination "agvania123 won on time"]

1. e4 d5 2. exd5 Qxd5 3. Nc3 Qd8 4. d4 Nf6 5. g3 c6 6. Bg2 g6 7. Nge2 Bg7 8. O-O O-O 9. Be3 Nbd7 10. Nf4 Nb6 11.
Nd3 Nfd5 12. Nxd5 Nxd5 13. c4 Nxe3 14. fxe3 Bf5 15. Nc5 b6 16. Nb3 Qd7 17. a4 Bh3 18. a5 Bxg2 19. Kxg2 e5 20. d5 e4 21. Qd2 cxd5 22.
cxd5 Rfd8 23. Rfd1 Rac8 24. axb6 axb6 25. Rac1 Rxc1 26. Qxc1 Qg4 27. d6 Qf3+ 28. Kg1 Bxb2 29. Qd2 Bc3 30. Qf2 Qxf2+ 31. Kxf2 Rd7 32. Rd5 f5 33. Nd4 Bxd4 34. Rxd4 Kf7 35. g4 Ke6 36. gxf5+ gxf5 37. Kg3 Rxd6 38. Rb4 Rd1 39. Rxb6+ Ke5 40. Rb5+ Kf6 41. Rb6+ Kg5 42. Rb8 Rg1+ 43. Kf2 Rg4 44. Rh8 Kh6 45. Rf8 Rg5 46. h4 Rg4 47. Rxf5 Rxh4 48. Kg3 Rh1 49. Rf4 Rg1+ 50. Kf2 Rb1 51. Rxe4 Kg5 52. Re5+ Kg4 53. Re7 h5 54. Rg7+ Kh3 55. e4 h4 56. e5 Rb5 57. Rg5 Kh2 58. Rf5 h3 0-1

[Event "Early-Titled-Tuesday-Blitz-April-02-2024"]
[Site "Chess.com"]
[Date "2024.04.02"]
[Round "5"]
[White "AnaKuchava"]
[Black "visa"]
[Result "1/2-1/2"]
[WhiteElo "2179"]
[BlackElo "2370"]
[TimeControl "180+1"]
[EndTime "8:56:16 PDT"]
[Termination "Game drawn - insufficient material"]

1. d4 Nf6 2. Nf3 e6 3. c4 c5 4. d5 exd5 5. cxd5 d6 6. Nc3 g6 7. e4 Bg7 8. Bd3 O-O 9. O-O Bg4 10. a4 Nbd7 11. Bf4 Qe7 12. h3 Bxf3 13. Qxf3 Ne5 14. Bxe5 Qxe5 15. Qe3 Rfe8 16. Rfe1 Nh5 17. Bf1 a6 18. g3 Qd4 19. Rad1 Qxe3 20. Rxe3 Bd4 21. Ree1 Nxg3 22. a5 Bxc3 23. bxc3 Nxe4 24. c4 Ng5 25. Bg2 f5 26. h4 Nf7 27. Re6 Kf8 28. Rde1 Rad8 29. h5 Ng5 30. Rf6+ Kg7 31. Rxe8 Rxe8 32. Rxd6 Re7 33. Rb6 gxh5 34. d6 Rd7 35. Rxb7 Rxb7 36.
Bxb7 Kf6 37. Bxa6 Ke6 38. Bc8+ Kxd6 39. Bxf5 h6 40. Kg2 Nf7 41. Bg6 Ne5 42. Bxh5 Nxc4 43. a6 Kc6 44. Be2 Nd6 45. f4 Kb6 46. Kf3 c4 47. Bxc4 Nxc4 48. Kg4 Kxa6 49. Kh5 Kb6 50. Kxh6 Kc6 51. f5 Kd7 52. Kg6 Ke8 53. f6 Kf8 54. f7 Nd6 55. Kf6 Nxf7 1/2-1/2

[Event "Early-Titled-Tuesday-Blitz-April-02-2024"]
[Site "Chess.com"]
[Date "2024.04.02"]
[Round "5"]
[White "Saxar85"]
[Black "Rawnsdale"]
[Result "1-0"]
[WhiteElo "2743"]
[BlackElo "2557"]
[TimeControl "180+1"]
[EndTime "8:56:17 PDT"]
[Termination "Saxar85 won by checkmate"]

1. e4 c6 2. d4 d5 3. exd5 cxd5 4. Bd3 Nc6 5. c3 Nf6 6. h3 g6 7. Nf3 Bg7 8. Bf4 O-O 9. O-O Bf5 10. Bxf5 gxf5 11. Nbd2 e6 12. Ne5 Nxe5 13. dxe5 Ne4 14. Nb3 Rc8 15. Qh5 Qc7 16. Rae1 Bxe5 17. Bxe5 Qxe5 18.
f3 Ng3 19. Qh4 Qg7 20. Rf2 Rc4 21. Qe7 Rfc8 22. Qxb7 R4c7 23. Qa6 Kh8 24. Nd4 Rg8 25.
Qd6 Rb7 26. a4 Rb6 27. Qe5 Qxe5 28. Rxe5 Rgb8 29. Ne2 Nh5 30. b4 a5 31. b5 Rc8 32.
g4 Ng7 33. Rg2 Rc4 34. Nd4 f6 35. Re1 Rxc3 36. gxf5 e5 37. Nc6 Rcxc6 38. bxc6 Rxc6 39. Rb1 Rc8 40. Rb6 Nxf5 41. Rxf6 Ne3 42. Rg5 d4 43. Rd6 Rg8 44. Rxg8+ Kxg8 45. Kf2 Kf7 46. Ke2 Nc4 47.
Ra6 h5 48. Kd3 Nb2+ 49. Ke4 Nxa4 50. Rxa5 Nc3+ 51. Kd3 Kf6 52. f4 exf4 53. Kxd4 Ne2+ 54. Ke4 Ng1 55. Rxh5 f3 56. Ke3 Kg6 57. Rh4 Kg5 58.
Rg4+ Kh5 59. Rxg1 Kh4 60. Kxf3 Kxh3 61. Rh1# 1-0

[Event "Early-Titled-Tuesday-Blitz-April-02-2024"]
[Site "Chess.com"]
[Date "2024.04.02"]
[Round "5"]
[White "PawnEatingZombie"]
[Black "Rosh1610"]
[Result "1/2-1/2"]
[WhiteElo "2190"]
[BlackElo "2442"]
[TimeControl "180+1"]
[EndTime "8:56:17 PDT"]
[Termination "Game drawn by repetition"]

1. e4 c5 2. c3 d5 3. exd5 Qxd5 4. d4 Nf6 5. Nf3 Nc6 6. Be2 e6 7. Be3 cxd4 8. cxd4 Bb4+ 9. Nc3 O-O 10. O-O Qd8 11. Qb3 Be7 12. Rfd1 b6 13. d5 exd5 14. Nxd5 Nxd5 15.
Rxd5 Qc7 16. Rdd1 Bb7 17. Rac1 Rac8 18. Qc2 Rfd8 19. Rxd8+ Qxd8 20. Qf5 Bf6 21. Rd1 Qf8 22. b3 Ne7 23. Qg4 Bc6 24. h4 g6 25. h5 Nf5 26.
Bg5 Bg7 27. hxg6 hxg6 28. Bc4 b5 29. Bf1 Qc5 30. Nh4 Re8 31. Nxf5 gxf5 32. Qh4 Qc2 33. Rd8 Rxd8 34. Bxd8 Qxa2 35. Bf6 Qd2 36. Qg3 Qh6 37. Bxg7 Qxg7 38. Qb8+ Kh7 39. Qxa7 Qg6 40. Qe3 Be4 41. Qc5 Kg7 42. Qxb5 f4 43. Qe5+ Kh7 44. Qxf4 Bd5 45.
Qe3 Kg7 46. Bd3 Qf6 47. Qg3+ Kf8 48. Qb8+ Kg7 49. Qg3+ Kh6 50. Qh3+ Kg7 51. Qg3+ 1/2-1/2

[Event "Early-Titled-Tuesday-Blitz-April-02-2024"]
[Site "Chess.com"]
[Date "2024.04.02"]
[Round "5"]
[White "KVAIDAN"]
[Black "SlavenPastar"]
[Result "0-1"]
[WhiteElo "2320"]
[BlackElo "2550"]
[TimeControl "180+1"]
[EndTime "8:56:18 PDT"]
[Termination "SlavenPastar won by resignation"]

1. f4 b6 2. Nf3 Bb7 3. e3 g6 4. h4 Nf6 5. b3 Bg7 6. Bb2 h5 7. Ng5 d5 8. Bb5+ Nbd7 9. Be2 e6 10. Na3 a6 11. Bf3 Qe7 12. c4 O-O-O 13. cxd5 exd5 14. Rc1 Kb8 15. Nc2 Nc5 16. Be2 d4 17. Bxd4 Bxg2 18. Rg1 Bb7 19. b4 Ne6 20. Nxe6 Qxe6 21. Be5 Ne8 22.
Nd4 Qh3 23. Bxg7 Qxh4+ 24. Kf1 Qh3+ 25. Ke1 Nxg7 26. Nc6+ Bxc6 27. Rxc6 Qh4+ 28. Kf1 Nf5 29. Qe1 Qh3+ 30. Kf2 Rhe8 31. Bf3 Qh4+ 32. Kf1 Qxe1+ 33.
Kxe1 Nd4 34. Kf2 Nxc6 35. Bxc6 Rxd2+ 36. Kf3 Red8 37. Rg5 Rxa2 38. f5 Rc2 39. b5 axb5 40. Bxb5 Rc5 41. Be2 Rxf5+ 42. Rxf5 gxf5 43. Kf4 Re8 44. Bxh5 Re4+ 45. Kf3 f6 46. Bg6 Re5 47. Kf4 b5 48.
Bxf5 Rxf5+ 49. Kxf5 b4 50. Ke4 c5 51. Kd3 Kc7 52. Kc4 Kd6 53. e4 Ke5 54. Kxc5 b3 55. Kb4 b2 56. Ka3 b1=Q 0-1

[Event "Early-Titled-Tuesday-Blitz-April-02-2024"]
[Site "Chess.com"]
[Date "2024.04.02"]
[Round "5"]
[White "HonestJoe1"]
[Black "Gabcur"]
[Result "1/2-1/2"]
[WhiteElo "2070"]
[BlackElo "2348"]
[TimeControl "180+1"]
[EndTime "8:56:18 PDT"]
[Termination "Game drawn - insufficient material"]

1. d4 d5 2. Nf3 Nf6 3. c4 c6 4. g3 Bg4 5. Bg2 Nbd7 6. O-O e6 7. Qb3 Qb6 8. c5 Qc7 9. Bf4 Qc8 10. Nc3 Be7 11. Ne5 Nxe5 12. Bxe5 O-O 13. f3 Bh5 14. Rae1 Nd7 15. Bf4 e5 16. Bxe5 Nxe5 17. dxe5 Bxc5+ 18.
Kh1 Bg6 19. e4 dxe4 20. Nxe4 Bb6 21. Nd6 Qe6 22. f4 Qxb3 23. axb3 Bc2 24. Nxb7 Bxb3 25.
Bxc6 Rac8 26. Bf3 Rc2 27. Re2 Rfc8 28. Nd6 Rxe2 29. Nxc8 Rxb2 30. Nxb6 axb6 31. Kg1 g6 32. Rf2 Rxf2 33. Kxf2 Kf8 34. Ke3 Ke7 35. Kd4 Kd7 36. Kc3 Be6 37. Kb4 Kc7 38. Kb5 Bd7+ 39. Kb4 Bc6 40.
Be2 Be4 41. Bc4 Kc6 42. Bxf7 b5 43. Bg8 h6 44. Bf7 g5 45. fxg5 hxg5 46. h4 gxh4 47. gxh4 Bd3 48. h5 Kd7 49. h6 Ke7 50. Bg8 Bg6 51.
h7 Bxh7 52. Bxh7 Ke6 53. Kxb5 Kxe5 1/2-1/2

[Event "Early-Titled-Tuesday-Blitz-April-02-2024"]
[Site "Chess.com"]
[Date "2024.04.02"]
[Round "5"]
[White "Gabrielian_Artur"]
[Black "ExtremeLearner"]
[Result "1-0"]
[WhiteElo "2806"]
[BlackElo "2570"]
[TimeControl "180+1"]
[EndTime "8:56:19 PDT"]
[Termination "Gabrielian_Artur won by resignation"]

1. e4 c6 2. d4 d5 3. e5 Bf5 4. h4 h5 5. Bd3 Bxd3 6. Qxd3 Qa5+ 7. Nd2 e6 8. Nf3 Nh6 9. O-O Nf5 10. a4 b6 11. c4 Bb4 12. b3 Na6 13. Rd1 Rd8 14. cxd5 cxd5 15. Nf1 Rc8 16. Bb2 Be7 17. Ba3 Bxa3 18.
Rxa3 O-O 19. Ne3 Nb4 20. Qe2 Nxe3 21. fxe3 Rc2 22. Rd2 Rfc8 23. Ra1 Qa6 24. Qxa6 Nxa6 25. Rxc2 Rxc2 26. Ng5 Nb4 27. Rf1 Rc7 28. Kf2 a5 29. g4 hxg4 30. Kg3 Nc2 31. Kf4 Rc3 32. Rc1 g3 33. Kxg3 Rxe3+ 34. Kf4 Rc3 35. Nf3 Rc6 36. Rd1 Rc3 37. h5 Rxb3 38. Rg1 Kf8 39. Ng5 Nxd4 40. Nh7+ Ke7 41. Rxg7 Rf3+ 42. Kg4 Re3 43.
Ng5 Rg3+ 44. Kxg3 Nf5+ 45. Kg4 Nxg7 46. h6 f5+ 47. exf6+ Kxf6 48. h7 1-0

[Event "Early-Titled-Tuesday-Blitz-April-02-2024"]
[Site "Chess.com"]
[Date "2024.04.02"]
[Round "5"]
[White "fmcabralis"]
[Black "zano2023"]
[Result "1-0"]
[WhiteElo "2407"]
[BlackElo "2220"]
[TimeControl "180+1"]
[EndTime "8:56:19 PDT"]
[Termination "fmcabralis won on time"]

1. e4 d6 2. d4 Nf6 3. Nc3 c6 4.
Be3 Nbd7 5. Qd2 e5 6. Nge2 Be7 7. O-O-O Qc7 8. f3 b5 9. Kb1 Nb6 10. Ng3 a6 11. Qf2 Rb8 12. dxe5 dxe5 13. Nf5 Bxf5 14.
exf5 Nfd5 15. Nxd5 Nxd5 16. Bc1 O-O 17. g4 Rfd8 18. Bd3 c5 19. Be4 Nf4 20. h4 c4 21.
g5 c3 22. f6 Bc5 23. Qh2 cxb2 24. Bxb2 Bd4 25. c3 Bc5 26. h5 Rxd1+ 27. Rxd1 Rd8 28. Rh1 Be3 29. g6 fxg6 30. hxg6 h6 31. fxg7 Qxg7 32. Qc2 Qd7 33. g7 Qxg7 34. Qh2 Ne6 35. Qh3 Ng5 36. Qf5 Nxe4 37. fxe4 Rf8 38. Qe6+ Kh7 39. Qxa6 Qg2 40. Rd1 Qxe4+ 41. Ka1 Qg6 42. Rd7+ Rf7 43. Rxf7+ Qxf7 44. Qxb5 Bf4 45. a4 Qa7 46. a5 Qg1+ 47. Ka2 Qg8+ 48. c4 Qd8 49. a6 h5 50. Qb7+ Kh6 51. a7 Qa5+ 52. Kb3 1-0

[Event "Early-Titled-Tuesday-Blitz-April-02-2024"]
[Site "Chess.com"]
[Date "2024.04.02"]
[Round "5"]
[White "dianamirza"]
[Black "GoValya"]
[Result "0-1"]
[WhiteElo "1970"]
[BlackElo "2235"]
[TimeControl "180+1"]
[EndTime "8:56:19 PDT"]
[Termination "GoValya won by resignation"]

1. e4 e6 2. d3 b6 3. g3 Bb7 4. Bg2 d5 5. Nd2 c5 6. Ngf3 Nc6 7. O-O Nf6 8. Re1 Be7 9. e5 Nd7 10. h4 Qc7 11. Qe2 Nb4 12. Nf1 d4 13. N1h2 h5 14. Bf4 Nd5 15. Bg5 O-O-O 16. Bxe7 Nxe7 17.
a4 Bd5 18. b4 cxb4 19. Nxd4 Bxg2 20. Kxg2 Qxe5 21. Qxe5 Nxe5 22. Nb5 N5c6 23. Nf3 a6 24. Re4 axb5 25. axb5 Na5 26. Rxb4 Nd5 27. Re4 Kb7 28. Ne5 Nc3 29. Rf4 Rhf8 30. Nxf7 Nxb5 31. Nxd8+ Rxd8 32. Rf7+ Kc6 33. Rxg7 Nd4 34. Rh7 Rd5 35. c4 Rf5 36. f4 Nab3 37. Ra8 Kc5 38. Rc8+ Kb4 39. Rh6 Kc3 40. Rb8 Kxd3 41. Rxb6 Kxc4 42. Rbxe6 Nxe6 43. Rxe6 Nd4 44. Re4 Kd3 45. Re5 Rxe5 46. fxe5 Ke4 47. e6 Nxe6 48. Kh3 Kf5 49. Kg2 Nd4 50. Kh3 Ne2 51.
Kg2 Kg4 52. Kf2 Nxg3 53. Kg2 Kxh4 54. Kh2 Kg4 55. Kg1 h4 56. Kh2 Nf5 57. Kg1 Ne3 58.
Kh2 Nd5 59. Kh1 Kg3 60. Kg1 Nf4 61. Kh1 Ng6 62. Kg1 h3 63. Kh1 Ne5 64. Kg1 Ng4 65. Kh1 Nf2+ 66. Kg1 h2+ 67. Kf1 h1=Q+ 68. Ke2 0-1